 Dungeon Crawl Stone Soup version 0.29-a0-338-g1ff7896281 (webtiles) character file.

Game seed: 994150337224986921

221 spaghetti the Covert (level 5, 0/47 HPs)
             Began as a Gnoll Delver on Apr 18, 2022.
             Slain by an orc
             ... wielding a +1 trident of venom
              (5 damage)
             ... on level 5 of the Dungeon.
             The game lasted 00:01:34 (366 turns).

spaghetti the Covert (Gnoll Delver)                  Turns: 366, Time: 00:01:35

Health: 0/47       AC:  3    Str: 11    XL:     5   Next: 98%
Magic:  7/7        EV: 13    Int: 10    God:
Gold:   19         SH:  0    Dex: 15    Spells: 7/7 levels left

rFire   . . .      SeeInvis .   a - +0 short sword {short}
rCold   . . .      Faith    .   (no shield)
rNeg    . . .      Spirit   .   b - +0 leather armour
rPois   .          Reflect  .   (no helmet)
rElec   .          Harm     .   (no cloak)
rCorr   .          Rampage  .   (no gloves)
Will    .....                   (no boots)
Stlth   ++++......              (no amulet)
HPRegen 0.15/turn               (no ring)
MPRegen 0.10/turn               (no ring)

@: lethally poisoned (0 -> -13)
A: fangs 1, strong nose, distributed training
a: no special abilities


You were on level 5 of the Dungeon.
You visited 1 branch of the dungeon, and saw 2 of its levels.

You collected 19 gold pieces.


Innate Abilities, Weirdness & Mutations

You have very sharp teeth.
Your uncanny sense of smell can sniff out nearby items.
Your experience applies equally to all skills.


   Skills:
 + Level 6.7 Fighting
 + Level 4.9 Short Blades
 + Level 1.7 Long Blades
 + Level 1.7 Axes
 + Level 1.7 Maces & Flails
 + Level 1.7 Polearms
 + Level 1.7 Staves
 + Level 1.7 Slings
 + Level 1.7 Bows
 + Level 1.7 Crossbows
 + Level 1.7 Throwing
 + Level 1.7 Armour
 + Level 4.9 Dodging
 + Level 9.7 Stealth
 + Level 1.7 Shields
 + Level 1.7 Unarmed Combat
 + Level 1.7 Spellcasting
 + Level 1.3 Conjurations
 + Level 1.3 Hexes
 + Level 1.3 Summonings
 + Level 1.3 Necromancy
 + Level 1.3 Translocations
 + Level 1.3 Transmutations
 + Level 1.3 Fire Magic
 + Level 1.3 Ice Magic
 + Level 1.3 Air Magic
 + Level 1.3 Earth Magic
 + Level 1.3 Poison Magic
 + Level 1.9 Invocations
 + Level 1.7 Evocations


You had 7 spell levels left.
You didn't know any spells.
Your spell library was empty.

Inventory:

Hand Weapons
 a - a +0 short sword (weapon) {short}
Armour
 b - a +0 leather armour (worn)
Wands
 g - a wand of digging (3)
Scrolls
 c - a scroll of fog
 d - a scroll of magic mapping {!r}
 e - a scroll of fear

Dungeon Overview and Level Annotations

Branches:
Dungeon (6/15)
 Temple: D:4-7

Altars:

..# #.# ... #.# .... #.#
.... #.######### ....
#.##......# ##....
#.##.####.# #...
#.##.####.####.###.
####o@................
#...###.##......#.####
#...# #.........#.#...
#...# ####o....##.#.#. #.
#...# #...........รท..
#.#+##..o## #.......#......
#.........# #.......####.##
#.........###.......####.#
#......................#'##


You could see an orc wizard and an orc.


Message History

Deactivating autopickup; reactivate with Ctrl-A.
The orc wizard hits you with a +0 dagger.
The orc misses you. ๐Ÿ˜ฎ HP[-1]
You take 1 damage, and now have 33/47 hp.
You hit the orc wizard.
You bite the orc wizard, but do no damage.
You closely miss the orc wizard. The orc closely misses you.
The orc wizard closely misses you.
You hit the orc wizard but do no damage.
You bite the orc wizard, but do no damage.
You hit the orc wizard but do no damage.
The orc closely misses you. The orc wizard barely misses you.
You hit the orc wizard.
You bite the orc wizard, but do no damage.
The orc wizard hits you with a +0 dagger.
The orc hits you from afar with a +1 trident of venom!
* * * LOW HITPOINT WARNING * * *
You are poisoned. ๐Ÿ˜จ HP[-11]
You take 11 damage, and now have 22/47 hp.
MASSIVE DAMAGE!! (PAUSE)
You aren't carrying any potions.
You are quite poisoned (22 -> 9).
Your actions are hasted.
Your movement speed is very quick.
Your attack delay is about 0.5.
You feel very sick. ๐Ÿ˜จ HP[-3]
You take 3 damage, and now have 19/47 hp.
You feel sick. ๐Ÿ˜จ HP[-1]
You take 1 damage, and now have 18/47 hp.
You feel sick. ๐Ÿ˜จ HP[-2]
You take 2 damage, and now have 16/47 hp.
You feel sick.
You feel sick. ๐Ÿ˜จ HP[-1]
You take 1 damage, and now have 15/47 hp.
You feel sick. ๐Ÿ˜จ HP[-1]
You take 1 damage, and now have 14/47 hp.
You feel sick. ๐Ÿ˜จ HP[-1]
You take 1 damage, and now have 13/47 hp.
You feel sick. ๐Ÿ˜จ HP[-1]
You take 1 damage, and now have 12/47 hp.
You feel sick. ๐Ÿ˜ฑ HP[-1]
You take 1 damage, and now have 11/47 hp.
There is a stone staircase leading down here.
You feel sick.
You climb downwards.
Reactivating autopickup.
There is a stone staircase leading up here. ๐Ÿ˜ฑ HP[-1]
You take 1 damage, and now have 10/47 hp.
Unknown command.
Unknown command.
Unknown command.
You start resting.
You feel sick.
You are no longer poisoned.
Your extra speed is starting to run out.
You feel yourself slow down.
A centaur comes into view.
It is wielding a +0 dagger and carrying a wand of flame (25). ๐Ÿ˜จ HP[+3]
You regained 3 hp, and now have 13/47 hp.
A centaur is nearby!
Unknown command.
You climb upwards.
There is a stone staircase leading down here. ๐Ÿ˜จ HP[+1] Unknown command.
Unknown command. ๐Ÿ˜จ HP[+1]
You start resting.
An orc is nearby!
Okay, then.
You aren't carrying any potions.
As you read the scroll labelled ASAPPO MECHEDGH, it crumbles to dust.
You hear a loud clanging noise!
It was a scroll of noise.
You hear a shout!
Unknown command.
The orc hits you with a +1 trident of venom.
* * * LOW HITPOINT WARNING * * *
๐Ÿ˜จ HP[-1]
You take 1 damage, and now have 14/47 hp.
You barely miss the orc.
The orc hits you with a +1 trident of venom.
* * * LOW HITPOINT WARNING * * *
You are lethally poisoned! ๐Ÿ˜ฑ HP[-6]
You take 6 damage, and now have 8/47 hp.
Unknown command.
You barely miss the orc.
* * * LOW HITPOINT WARNING * * *
You feel very sick.
The orc hits you with a +1 trident of venom.
You die...

Skill      XL: |  1 |
---------------+----+-----
Stealth        | |  9.7
Long Blades    | 1 |  1.7
Axes           | 1 |  1.7
Maces & Flails | 1 |  1.7
Polearms       | 1 |  1.7
Staves         | 1 |  1.7
Slings         | 1 |  1.7
Bows           | 1 |  1.7
Crossbows      | 1 |  1.7
Throwing       | 1 |  1.7
Armour         | 1 |  1.7
Shields        | 1 |  1.7
Unarmed Combat | 1 |  1.7
Spellcasting   | 1 |  1.7
Conjurations   | 1 |  1.3
Hexes          | 1 |  1.3
Summonings     | 1 |  1.3
Necromancy     | 1 |  1.3
Translocations | 1 |  1.3
Transmutations | 1 |  1.3
Fire Magic     | 1 |  1.3
Ice Magic      | 1 |  1.3
Air Magic      | 1 |  1.3
Earth Magic    | 1 |  1.3
Poison Magic   | 1 |  1.3
Invocations    | 1 |  1.9
Evocations     | 1 |  1.7
Fighting       | |  6.7
Short Blades   | |  4.9
Dodging        | |  4.9

Action                   |  1- 3 |  4- 6 || total
-------------------------+-------+-------++-------
Melee: Short sword       |     1 |    32 ||    33
       Bite              |       |     6 ||     6
       Punch             |       |     1 ||     1
  Use: Scroll            |       |     1 ||     1
       Potion            |       |     1 ||     1
 Stab: Sleeping          |     1 |     1 ||     2
Dodge: Dodged            |       |    14 ||    14

Levels and vault maps discovered:
D:5:      layout_basic, gammafunk_ghost_abyssal_escape
D:6:      layout_rooms, mainiacjoe_overflow_boulevard, general_overflow_altar,
          minmay_temple_entry_sparse_star, gammafunk_ghost_hive, serial_shops,
          nicolae_shop_temple_entry_statues_fountains, grunt_decor_clamped,
          chequers_serial_rivers_large_b

Notes
Turn   | Place    | Note
-------+----------+-------------------------------------------
     0 | D:5      | Reached skill level 9 in Stealth
     0 | D:5      | spaghetti the Gnoll Delver began the quest for the Orb.
     0 | D:5      | Reached XP level 1. HP: 23/23 MP: 1/1
     0 | D:5      | magus.rc [v1.9.6]
    47 | D:5      | Noticed a water moccasin
    48 | D:5      | Noticed a scorpion
    49 | D:5      | Killed a water moccasin
    50 | D:5      | Reached skill level 1 in Long Blades
    50 | D:5      | Reached skill level 1 in Axes
    50 | D:5      | Reached skill level 1 in Maces & Flails
    50 | D:5      | Reached skill level 1 in Polearms
    50 | D:5      | Reached skill level 1 in Staves
    50 | D:5      | Reached skill level 1 in Slings
    50 | D:5      | Reached skill level 1 in Bows
    50 | D:5      | Reached skill level 1 in Crossbows
    50 | D:5      | Reached skill level 1 in Throwing
    50 | D:5      | Reached skill level 1 in Armour
    50 | D:5      | Reached skill level 1 in Shields
    50 | D:5      | Reached skill level 1 in Unarmed Combat
    50 | D:5      | Reached skill level 1 in Spellcasting
    50 | D:5      | Reached skill level 1 in Conjurations
    50 | D:5      | Reached skill level 1 in Hexes
    50 | D:5      | Reached skill level 1 in Summonings
    50 | D:5      | Reached skill level 1 in Necromancy
    50 | D:5      | Reached skill level 1 in Translocations
    50 | D:5      | Reached skill level 1 in Transmutations
    50 | D:5      | Reached skill level 1 in Fire Magic
    50 | D:5      | Reached skill level 1 in Ice Magic
    50 | D:5      | Reached skill level 1 in Air Magic
    50 | D:5      | Reached skill level 1 in Earth Magic
    50 | D:5      | Reached skill level 1 in Poison Magic
    50 | D:5      | Reached skill level 1 in Invocations
    50 | D:5      | Reached skill level 1 in Evocations
    50 | D:5      | Reached XP level 2. HP: 29/29 MP: 1/3
    50 | D:5      | Reached XP level 3. HP: 35/35 MP: 1/4
    50 | D:5      | Reached XP level 4. HP: 41/41 MP: 1/5
    52 | D:5      | Killed a scorpion
    53 | D:5      | Reached XP level 5. HP: 47/47 MP: 1/7
   313 | D:5      | HP: 11/47 [poisoned by an orc]
   351 | D:6      | Noticed a centaur
   365 | D:5      | HP: 8/47 [orc/+1 trident of venom (6)]
   366 | D:5      | Slain by an orc

Vanquished Creatures
  A water moccasin (D:5)
  A necrophage (D:5)
  A scorpion (D:5)
3 creatures vanquished.

Table legend:
 A = Non-vault XP
 B = Vault XP
 C = Vault XP percentage of total XP
 D = Non-vault monster count
 E = Vault monster count
 F = Vault count percentage of total count
                 A         B        C        D         E       F
            +---------+---------+-------+---------+---------+-------
      Total |     317 |       0 |   0.0 |       3 |       0 |   0.0
            +---------+---------+-------+---------+---------+-------
        D:5 |     317 |       0 |   0.0 |       3 |       0 |   0.0
            +---------+---------+-------+---------+---------+-------

Illustrated notes

Table legend:
 A = Kills in this place as a percentage of kills in entire the game.
 B = Kills by you in this place as a percentage of kills by you in the entire game.
 C = Kills by friends in this place as a percentage of kills by friends in the entire game.
 D = Other kills in this place as a percentage of other kills in the entire game.
 E = Experience gained in this place as a percentage of experience gained in the entire game.
 F = Experience gained in this place divided by the number of levels of this place that you have seen.
                   A       B       C       D       E      F
               +-------+-------+-------+-------+-------+----------------------
         Total | 100.0 | 100.0 |   N/A |   N/A | 100.0 | 158.5
       Dungeon | 100.0 | 100.0 |   N/A |   N/A | 100.0 | 158.5
               +-------+-------+-------+-------+-------+----------------------

Table legend: (Time is in decaauts)
 A = Elapsed time spent in this place.
 B = Non-inter-level travel time spent in this place.
 C = Inter-level travel time spent in this place.
 D = Time resting spent in this place.
 E = Time spent auto-exploring this place.
 F = Levels seen in this place.
 G = Mean time per level.
                   A        B        C        D        E       F      G
               +--------+--------+--------+--------+--------+-----+--------+
         Total |    343 |    343 |      0 |     28 |    260 |   2 |  171.5 |
       Dungeon |    343 |    343 |      0 |     28 |    260 |   2 |  171.5 |
               +--------+--------+--------+--------+--------+-----+--------+

Top non-repeatable levels by time:
     D:5: 316 daAuts
     D:6: 26 daAuts
